[Event "*** Titled Tuesday Blitz"]
[Site "Chess.com"]
[Date "2021.02.02"]
[Round "7"]
[White "Piacramling"]
[Black "Yaryi_sergey"]
[Result "1/2-1/2"]
[WhiteElo "2270"]
[BlackElo "2455"]
[TimeControl "180+1"]
[EndTime "11:19:42 PST"]
[Termination "Game drawn by repetition"]

1. Nf3 g6 2. c4 Bg7 3. d4 Nf6 4. Nc3 d5 5. h4 h5 6. Bg5 c6 7. e3 Ne4 8. Qb3 Nxc3 9. bxc3 dxc4 10. Bxc4 O-O 11. O-O b5 12. Bd3 Be6 13. Qb4 Re8 14. a4 a5 15. Qb2 bxa4 16. Rxa4 c5 17. Rfa1 Nd7 18. Nd2 Qc7 19. Bf4 Qc6 20. Rxa5 Rxa5 21. Rxa5 cxd4 22. cxd4 Rc8 23. Ra6 Qc1+ 24. Qxc1 Rxc1+ 25. Nf1 Nf6 26. Be5 Ng4 27. Bxg7 Kxg7 28. Rb6 Bf5 29. Bxf5 gxf5 30. Rb3 Nf6 31. Rb2 Ne4 32. g3 e6 33. Kg2 Rd1 34. Nh2 Nd2 35. Rc2 f6 36. Nf3 Nxf3 37. Kxf3 Ra1 38. Rc6 Kf7 39. Rc7+ Kg6 40. Re7 Ra6 41. Kf4 Rc6 42. f3 Ra6 43. e4 fxe4 44. fxe4 Rb6 45. Rd7 Rb5 46. Rd6 Kf7 47.
Rd7+ Kg6 48. e5 fxe5+ 49. dxe5 Rb4+ 50. Kf3 Rb3+ 51. Kf4 Rb4+ 52. Kf3 Rb3+ 53. Kf4 Rb4+ 1/2-1/2

[Event "*** Titled Tuesday Blitz"]
[Site "Chess.com"]
[Date "2021.02.02"]
[Round "7"]
[White "CakeinSpace2002"]
[Black "TimKett"]
[Result "1-0"]
[WhiteElo "2368"]
[BlackElo "2184"]
[TimeControl "180+1"]
[EndTime "11:19:42 PST"]
[Termination "CakeinSpace2002 won on time"]

1. Nf3 d5 2. b3 Bg4 3. Bb2 Bxf3 4. gxf3 Nd7 5. e3 e5 6. Bh3 Ngf6 7. c4 Bd6 8. Nc3 d4 9. Ne4 Nxe4 10. fxe4 Nc5 11.
d3 dxe3 12. O-O Qg5+ 13. Kh1 O-O 14. Qe2 exf2 15. Rxf2 Qh4 16. Rf3 Ne6 17. Bxe6 fxe6 18. Rg3 Rf6 19. Rag1 g6 20. d4 Raf8 21. R3g2 Rf2 22. Qe1 exd4 23. e5 Bc5 24. b4 Bxb4 25.
Qd1 Bc3 26. Ba3 R8f4 27. Bc1 Re4 28. Bg5 Rxg2 29. Bxh4 Rxg1+ 30. Kxg1 Rxh4 31. Qf3 g5 32. Qf6 h6 33. Qxe6+ Kg7 34. Qe7+ Kg6 35. Qf6+ Kh5 36. e6 Rg4+ 37. Kh1 Rf4 38. Qxf4 gxf4 39. e7 d3 40.
e8=Q+ Kg4 41. Qd7+ Kf3 42. Qxd3+ Kf2 43. Qxc3 f3 44.
h4 Ke2 45. Qc2+ Ke1 46. Qe4+ Kf2 47. Kh2 1-0

[Event "*** Titled Tuesday Blitz"]
[Site "Chess.com"]
[Date "2021.02.02"]
[Round "7"]
[White "floplover"]
[Black "FMJoseHerrera"]
[Result "1-0"]
[WhiteElo "2337"]
[BlackElo "2482"]
[TimeControl "180+1"]
[EndTime "11:19:43 PST"]
[Termination "floplover won on time"]

1. d4 Nf6 2. c4 c5 3. d5 b5 4. cxb5 a6 5. bxa6 g6 6. Nc3 Bg7 7. e4 O-O 8. e5 Ne8 9. h4 Qa5 10.
h5 Bxa6 11. Nf3 d6 12. e6 fxe6 13. hxg6 hxg6 14. Qc2 Rf5 15. Bd2 Bxf1 16. Kxf1 Nf6 17. Nh4 Qa6+ 18. Kg1 Rh5 19. Nxg6 Rxh1+ 20. Kxh1 Qb7 21.
Re1 e5 22. Re3 Nbd7 23. Qf5 Kf7 24. Qe6+ Kxg6 25. Rg3+ Kh7 26. Qf7 Nh5 27. Qxh5+ Kg8 28. Qg6 Kf8 29. Qxg7+ Ke8 30. Bg5 Nf8 31. Bh4 Ra7 32.
Rf3 Ng6 33. Qxg6+ Kd7 34. Qe6+ Kc7 35. Rf7 Kb6 36. Rxe7 Qa6 37. Rxa7 Qxa7 38. Qxd6+ Ka5 39. Qd8+ Kb4 40. Qc8 Qh7 41. g3 Qc2 42. Qb8+ Kc4 43. Qb3+ Qxb3 44. axb3+ Kxb3 45. Bf6 1-0

[Event "*** Titled Tuesday Blitz"]
[Site "Chess.com"]
[Date "2021.02.02"]
[Round "7"]
[White "Gerodot71"]
[Black "Snowflake"]
[Result "0-1"]
[WhiteElo "2457"]
[BlackElo "2345"]
[TimeControl "180+1"]
[EndTime "11:19:43 PST"]
[Termination "Snowflake won by resignation"]

1. d4 d5 2. c4 e6 3. Nf3 Nf6 4. g3 dxc4 5. Bg2 c5 6. O-O Nc6 7. Qa4 Bd7 8. Qxc4 b5 9. Qd3 c4 10. Qd1 Be7 11. Nbd2 O-O 12. e4 Rc8 13. Qe2 Qb6 14.
Qe3 Rfd8 15. Rd1 Be8 16. Nf1 h6 17. h3 Bf8 18. b3 c3 19. Qxc3 Rb8 20. Be3 Nxe4 21. Qc2 Nf6 22. d5 Qb7 23. dxc6 Bxc6 24.
Nh4 Rdc8 25. Bxc6 Rxc6 26. Qe2 Nd5 27. Bd4 Rbc8 28. Ne3 Nc3 29. Bxc3 Rxc3 30. Nf3 g6 31. Ne1 Bg7 32. Nd3 a5 33. Nf4 a4 34. bxa4 bxa4 35. Rab1 Qa8 36. h4 h5 37. Nh3 a3 38. Ng5 Bf6 39. Ne4 Qxe4 40. Qa6 Kg7 41. Rb7 Rxe3 42. Qa7 Re1+ 43. Rxe1 Qxe1+ 44. Kg2 Qe4+ 45. Kh2 Rf8 46. Rd7 Qe2 47. Kg2 Qxa2 48. Rd3 Qb2 49. Rxa3 Qb8 50.
Qe3 Qb7+ 51. Kh2 Rc8 0-1

[Event "*** Titled Tuesday Blitz"]
[Site "Chess.com"]
[Date "2021.02.02"]
[Round "7"]
[White "sorrm8thatscheckm8"]
[Black "Fischerev7"]
[Result "0-1"]
[WhiteElo "2555"]
[BlackElo "2397"]
[TimeControl "180+1"]
[EndTime "11:19:44 PST"]
[Termination "Fischerev7 won by checkmate"]

1. d4 Nf6 2. c4 e6 3. Nf3 Bb4+ 4. Bd2 a5 5. g3 O-O 6. Bg2 d5 7. Qc2 c5 8. dxc5 d4 9. Bxb4 axb4 10. O-O Nc6 11.
Nbd2 e5 12. Ng5 Qe7 13. Nge4 Nxe4 14. Nxe4 Bf5 15. Qd2 Bxe4 16. Bxe4 Qxc5 17. b3 f5 18. Bd5+ Kh8 19. Rfd1 Rad8 20. e3 Rxd5 21. cxd5 Qxd5 22. Qc2 Qf3 23. Qc5 Rd8 24. exd4 exd4 25. Rac1 d3 26.
Rd2 h6 27. Re1 Rd5 28. Qf8+ Kh7 29. Re8 Nd4 30. Qg8+ Kg6 31. Re7 Ne2+ 32. Rdxe2 dxe2 33. Qxg7+ Kh5 34. Qf7+ Kg5 35. Qg8+ Kh5 36. Qe8+ Kg4 37. Rg7+ Kh3 38. Qh5+ Qxh5 39. Rd7 Qf3 40. Rxd5 e1=Q# 0-1

[Event "*** Titled Tuesday Blitz"]
[Site "Chess.com"]
[Date "2021.02.02"]
[Round "7"]
[White "2nd_life"]
[Black "GMKrikor"]
[Result "0-1"]
[WhiteElo "2452"]
[BlackElo "2788"]
[TimeControl "180+1"]
[EndTime "11:19:44 PST"]
[Termination "GMKrikor won on time"]

1. e4 c5 2. Nf3 d6 3. d4 cxd4 4. Nxd4 Nf6 5. Nc3 a6 6. Be3 e5 7. Nb3 Be6 8. Qd2 Nbd7 9. f3 h5 10. Be2 Be7 11. O-O O-O 12. Rfd1 b5 13. a4 b4 14. Nd5 Bxd5 15. exd5 Nb6 16. Na5 Nbxd5 17. Nc6 Qc7 18. Nxe7+ Qxe7 19. Bg5 Qa7+ 20. Kh1 Rac8 21.
Bd3 a5 22. Rf1 Qc5 23. Rae1 Rfe8 24. Re2 Nh7 25. Bxh7+ Kxh7 26. Rd1 Ne7 27. Bxe7 Rxe7 28. Qxd6 f6 29. Qd3+ Kg8 30. g3 Qc4 31. Kg2 Rec7 32. Qe3 Qc5 33. Qe4 Qc6 34. Qg6 Qe6 35. Red2 Qe8 36.
Qe4 Re7 37. Qf5 Rb8 38. Qe4 Kh8 39. Rd6 Rc8 40. R1d2 Qf7 41. Qd3 g6 42. Qa6 Rf8 0-1

[Event "*** Titled Tuesday Blitz"]
[Site "Chess.com"]
[Date "2021.02.02"]
[Round "7"]
[White "HanSchut"]
[Black "GM_LOADING"]
[Result "0-1"]
[WhiteElo "2272"]
[BlackElo "2467"]
[TimeControl "180+1"]
[EndTime "11:19:44 PST"]
[Termination "GM_LOADING won by resignation"]

1. e4 e5 2. Nf3 Nc6 3. Bc4 Nf6 4. d4 exd4 5. e5 d5 6. Bb5 Nd7 7. O-O Be7 8. Re1 O-O 9. Bxc6 bxc6 10. Nxd4 Nb8 11.
Nc3 c5 12. Nb3 Be6 13. f4 Nc6 14. Qf3 Qd7 15. Rd1 Rfd8 16. h3 Nb4 17. Qf2 d4 18.
a3 Nc6 19. Ne4 Qd5 20. Ng3 Bh4 21. Nd2 Bf5 22. Nf3 Bxg3 23. Qxg3 Bxc2 24. Re1 Be4 25. Ng5 Bf5 26. Bd2 Rab8 27. Nf3 Rxb2 28. Nh4 Be4 29. f5 Rxd2 30. f6 Bg6 31. fxg7 Qe6 32. Qf4 Rb2 33.
Rac1 d3 34. Rxc5 d2 35. Rd1 Bc2 36. Rxd2 Rb1+ 37. Kh2 Rxd2 38. Qxd2 Bg6 39. Rxc6 Qxc6 40. Qd8+ Kxg7 41. Qg5 Qe6 42. Nf3 Rb5 43. h4 Rb3 44.
h5 Rxf3 45. gxf3 Qf5 46. Qg4 Qxg4 47. fxg4 Bxh5 48. gxh5 Kh6 49. e6 fxe6 0-1

[Event "*** Titled Tuesday Blitz"]
[Site "Chess.com"]
[Date "2021.02.02"]
[Round "7"]
[White "Tiradini007"]
[Black "Trickster_Pony"]
[Result "1-0"]
[WhiteElo "2211"]
[BlackElo "1458"]
[TimeControl "180+1"]
[EndTime "11:19:44 PST"]
[Termination "Tiradini007 won by checkmate"]

1. e4 c5 2. Nc3 Nc6 3. g3 d6 4. Bg2 g6 5. f4 Bg7 6. Nf3 e6 7.
O-O Nge7 8. d3 O-O 9. Be3 Rb8 10.
d4 cxd4 11. Nxd4 Qb6 12. Nce2 Qxb2 13. Rb1 Qa3 14. Rb3 Qxa2 15. Nb5 d5 16. Bc5 Qa6 17. exd5 exd5 18. Bd6 Ra8 19. Nc7 Qc4 20. Nxa8 Bg4 21.
Re1 Rxa8 22. Qd3 Nd4 23. Nxd4 Bxd4+ 24. Kh1 Nf5 25. Be5 Qxd3 26. cxd3 Bxe5 27. Rxe5 Rc8 28. Bxd5 Rc1+ 29. Kg2 Nd4 30. Rxb7 Rc2+ 31. Kf1 Rc1+ 32.
Kg2 Rc2+ 33. Kf1 Rc1+ 34. Kf2 Rc2+ 35. Ke3 Nf5+ 36. Rxf5 Bxf5 37. Rxf7 Kh8 38. Rxa7 Rc3 39.
Be4 Bxe4 40. Kxe4 Rc2 41. d4 Rxh2 42. d5 Re2+ 43. Kd4 Rd2+ 44. Ke5 Kg8 45. d6 Kf8 46. Ke6 Ke8 47. Ra8# 1-0

[Event "*** Titled Tuesday Blitz"]
[Site "Chess.com"]
[Date "2021.02.02"]
[Round "7"]
[White "Rogarcia1"]
[Black "anon481216"]
[Result "0-1"]
[WhiteElo "2251"]
[BlackElo "2455"]
[TimeControl "180+1"]
[EndTime "11:19:45 PST"]
[Termination "anon481216 won by resignation"]

1. e4 c5 2. Nf3 d6 3. d4 cxd4 4. Qxd4 a6 5. h3 Nc6 6. Qe3 Nf6 7. Be2 g6 8. O-O Bg7 9. Rd1 Qa5 10. Nc3 O-O 11.
Nd5 Nxd5 12. exd5 Ne5 13. Bd2 Nxf3+ 14. Bxf3 Qc7 15. c3 b5 16. Qf4 Rb8 17. Rac1 a5 18.
Qh4 Re8 19. Be3 Qc4 20. Bd4 Qxa2 21. Bxg7 Kxg7 22. Qd4+ Kg8 23. Ra1 Qxb2 24. Rdb1 Qc2 25. Be4 Qe2 26. Re1 Qc4 27. Rxa5 Qxd4 28. cxd4 Rb7 29. Rb1 Bd7 30. Rb4 Rc8 31. Bd3 Rc1+ 32.
Kh2 Rd1 33. Bxb5 Bxb5 34. Raxb5 Rxb5 35. Rxb5 Rxd4 36. Kg3 Kg7 37. Kf3 f5 38. Ke3 Re4+ 39.
Kf3 Kf6 40. g3 Ke5 41. Rb7 Kxd5 42. Rb8 Ke6 43. Rh8 h5 44. Ra8 Kf6 45. Ra5 e6 46. Kg2 d5 47. Kf3 Rb4 48. Ra6 Rb3+ 49. Kg2 g5 50.
Rc6 d4 51. Rd6 Ke5 52. Rd8 d3 53. Rd7 Ke4 54. Rd8 g4 55. hxg4 hxg4 56. Rd7 Rb4 57. f3+ gxf3+ 58. Kf2 Rd4 0-1

[Event "*** Titled Tuesday Blitz"]
[Site "Chess.com"]
[Date "2021.02.02"]
[Round "7"]
[White "Ziyamammadov"]
[Black "MariaFominykh"]
[Result "0-1"]
[WhiteElo "1750"]
[BlackElo "2261"]
[TimeControl "180+1"]
[EndTime "11:19:45 PST"]
[Termination "MariaFominykh won by resignation"]

1. e4 d6 2. d4 Nf6 3. Nc3 Nbd7 4. f3 e5 5. dxe5 dxe5 6. Bc4 c6 7. Be3 b5 8. Bb3 Be7 9. Nge2 O-O 10. Qd2 Nc5 11. Qxd8 Rxd8 12. Bxc5 Bxc5 13. Rd1 Bb7 14. Rxd8+ Rxd8 15. Ng3 a5 16. a3 b4 17. axb4 Bxb4 18. O-O Rd2 19. Nf5 Kf8 20. Kh1 Ba6 21. Re1 Nd7 22.
Ba4 Nc5 23. Bxc6 Rxc2 24. Rd1 Nd3 25. Kg1 Bc5+ 26. Kf1 Nxb2+ 27. Bb5 Bxb5+ 28. Nxb5 Nxd1 29. Ke1 Nc3 30. Nxc3 Rxc3 31. Kd2 Rb3 32. Kc2 a4 33. Ng3 g6 34. Ne2 Re3 35. Nc3 Rxc3+ 36. Kxc3 a3 37. Kb3 Ke7 38. g3 Kd6 39. f4 f5 40. h4 fxe4 41.
h5 exf4 42. gxf4 e3 43. f5 gxf5 44. h6 e2 45. Kc4 e1=Q 46. Kb5 Qe4 47. Ka6 0-1

[Event "*** Titled Tuesday Blitz"]
[Site "Chess.com"]
[Date "2021.02.02"]
[Round "7"]
[White "kuban1991"]
[Black "Spalir"]
[Result "0-1"]
[WhiteElo "2817"]
[BlackElo "2658"]
[TimeControl "180+1"]
[EndTime "11:19:46 PST"]
[Termination "Spalir won on time"]

1. Nf3 Nf6 2. g3 g6 3. Bg2 Bg7 4. O-O O-O 5. d4 d5 6. Nbd2 c6 7. c3 Bf5 8. Re1 Nbd7 9. Nh4 Bg4 10. h3 Be6 11. e4 Nxe4 12. Nxe4 dxe4 13. Rxe4 Bd5 14.
Re1 Bxg2 15. Kxg2 e5 16. d5 cxd5 17. Qxd5 Qc7 18. Be3 Nb6 19. Bxb6 Qxb6 20. Qb3 Qc6+ 21. Kg1 Rad8 22. Rad1 Rfe8 23. Ng2 Bf8 24. a4 Bc5 25. Qb5 Qc7 26. Kf1 a6 27. Qc4 Qe7 28. Rd5 Rxd5 29. Qxd5 Kg7 30. Nf4 f6 31. Nd3 Bb6 32.
Qe4 Qd7 33. Kg2 Rd8 34. Nb4 a5 35. Nc2 Bc5 36. Ne3 Bxe3 37. Rxe3 Qd5 38. Qxd5 Rxd5 39.
Kf3 f5 40. Ke2 Kf6 41. Rd3 Ke6 42. Rxd5 Kxd5 43. Kd3 e4+ 44. Kc2 Kc4 45. b3+ Kd5 46. Kd2 g5 47. Ke3 Ke5 0-1

[Event "*** Titled Tuesday Blitz"]
[Site "Chess.com"]
[Date "2021.02.02"]
[Round "7"]
[White "Leo_C"]
[Black "kamilianin235"]
[Result "1-0"]
[WhiteElo "2395"]
[BlackElo "2223"]
[TimeControl "180+1"]
[EndTime "11:19:46 PST"]
[Termination "Leo_C won on time"]

1. d4 d5 2. c4 dxc4 3. e4 c5 4. d5 e6 5. Bxc4 Nf6 6. Nc3 exd5 7. exd5 a6 8. a4 Bd6 9. Nf3 O-O 10. O-O Bg4 11. h3 Bh5 12. Re1 Nbd7 13. a5 Qc7 14.
Be2 Rfe8 15. Ra4 Re7 16. Be3 Rae8 17. Nd2 Bxe2 18. Rxe2 Ne5 19. Qb3 Rc8 20. Nc4 Nxc4 21.
Qxc4 Nd7 22. Qh4 Ne5 23. Rd2 Rce8 24. Qh5 c4 25. Ne4 Rc8 26. Bb6 Qd7 27. Nxd6 Qxd6 28. Qd1 Nd3 29. Re2 Rxe2 30. Qxe2 Qxd5 31. Ra1 Qd7 32. Be3 Re8 33. Qf3 Qc6 34. Qg3 g6 35. Bd4 Rd8 36. Bc3 Qe6 37. Rd1 Re8 38. b3 Qe2 39. Rf1 cxb3 40. Bd4 b2 41. Qg5 Qc2 42. Qf5 1-0

[Event "*** Titled Tuesday Blitz"]
[Site "Chess.com"]
[Date "2021.02.02"]
[Round "7"]
[White "AniJak"]
[Black "SharapovEvgeny"]
[Result "1/2-1/2"]
[WhiteElo "2288"]
[BlackElo "2454"]
[TimeControl "180+1"]
[EndTime "11:19:47 PST"]
[Termination "Game drawn by repetition"]

1. e4 c5 2. Nf3 d6 3. Bb5+ Nd7 4. O-O Nf6 5. Re1 e5 6. c3 Be7 7. d4 Qc7 8. Bg5 O-O 9. Nbd2 a6 10. Bxd7 Bxd7 11. dxe5 dxe5 12. Nc4 Bc6 13. Nfxe5 Rad8 14. Qc1 Be8 15. Nf3 b5 16. Bxf6 Bxf6 17. Ne3 Bc6 18. Qc2 Rfe8 19. Nf5 Qb7 20. Ng3 b4 21. cxb4 cxb4 22.
Rac1 Rc8 23. Qb1 g6 24. h3 Bg7 25. Rcd1 Rc7 26. Nd4 Be5 27. Nxc6 Rxc6 28. Nf1 Rce6 29.
Ne3 Bg7 30. Nd5 f5 31. Qc2 fxe4 32. Ne3 Kh8 33. Qb3 a5 34. Rd5 Re5 35. Red1 Rxd5 36.
Rxd5 Qc7 37. Qa4 Rd8 38. Rxd8+ Qxd8 39. b3 h5 40. Qb5 Qd2 41. Qe8+ Kh7 42. Qxe4 Qxa2 43.
Nd5 Qxb3 44. Nf4 Qf7 45. Nxh5 b3 46. Nxg7 Qxg7 47. Qh4+ Qh6 48. Qe7+ Qg7 49. Qh4+ Qh6 50. Qe7+ Qg7 51. Qh4+ 1/2-1/2

[Event "*** Titled Tuesday Blitz"]
[Site "Chess.com"]
[Date "2021.02.02"]
[Round "7"]
[White "The_filthy"]
[Black "MrrRefrao"]
[Result "0-1"]
[WhiteElo "2220"]
[BlackElo "2385"]
[TimeControl "180+1"]
[EndTime "11:19:47 PST"]
[Termination "MrrRefrao won on time"]

1. e4 c6 2. f4 d5 3. e5 Bf5 4.
c3 e6 5. Nf3 c5 6. Be2 Nc6 7. O-O Nh6 8. d3 Qb6 9. Kh1 Be7 10. Na3 Rc8 11. Nc2 Bg6 12. Ne3 Nf5 13. Nxf5 Bxf5 14. Rb1 h5 15. Be3 h4 16. h3 d4 17. Bf2 Rd8 18. c4 Qc7 19. a3 f6 20. Re1 fxe5 21. Nxe5 Nxe5 22. fxe5 Bg5 23. Bg4 Qf7 24. Rf1 g6 25. b4 cxb4 26. axb4 O-O 27.
Qe2 Kg7 28. Ra1 a6 29. Rab1 Qe7 30. b5 a5 31. Bxf5 Rxf5 32. Bg1 b6 33. Qe4 Qc5 34.
Qb7+ Kh6 35. Rxf5 exf5 36. e6 Re8 37. Re1 Be3 38. Bxe3+ dxe3 39. Qf7 Re7 40. Qf6 a4 41. d4 Qd6 42. Qxh4+ Kg7 43. d5 f4 44.
Qg4 a3 45. Qf3 Qe5 46. Qf1 a2 47. Ra1 Ra7 48. Qe1 e2 0-1

[Event "*** Titled Tuesday Blitz"]
[Site "Chess.com"]
[Date "2021.02.02"]
[Round "7"]
[White "Ariadna_Atreides"]
[Black "Fortitudine"]
[Result "1-0"]
[WhiteElo "2185"]
[BlackElo "2341"]
[TimeControl "180+1"]
[EndTime "11:19:48 PST"]
[Termination "Ariadna_Atreides won by checkmate"]

1. d4 Nf6 2. Nf3 g6 3. c3 Bg7 4.
Bg5 b6 5. Nbd2 Ba6 6. g3 h6 7.
Bxf6 exf6 8. e4 Bxf1 9. Kxf1 O-O 10. Kg2 Re8 11. Re1 d6 12. a4 a5 13. Qb3 Nd7 14. Re2 Qe7 15. Rae1 Qe6 16. d5 Qe7 17. Nd4 Nc5 18. Qc2 Qd7 19. b3 f5 20. exf5 Rxe2 21.
Rxe2 Bxd4 22. cxd4 Na6 23. fxg6 Nb4 24. gxf7+ Qxf7 25. Qe4 Qxd5 26. Nc4 Qxe4+ 27. Rxe4 Kf7 28. f4 Kf6 29. Ne3 Rg8 30. Kf3 h5 31. h3 Rh8 32.
Ng2 Nc6 33. d5 Nb4 34. Ne3 Rg8 35. g4 hxg4+ 36. hxg4 Rh8 37. g5+ Kf7 38. Kg4 Rh1 39. Rc4 Na6 40. Kf5 Nc5 41. Ng4 Re1 42. g6+ Kg7 43.
Kg5 Rg1 44. f5 Rg3 45. f6+ Kf8 46. Kf5 Rxg4 47. Kxg4 Nd7 48. Kf5 Ne5 49. Rxc7 Nc6 50. Rc8+ Nd8 51. Rxd8# 1-0

[Event "*** Titled Tuesday Blitz"]
[Site "Chess.com"]
[Date "2021.02.02"]
[Round "7"]
[White "MarceloPlaya"]
[Black "canary2016"]
[Result "1/2-1/2"]
[WhiteElo "2270"]
[BlackElo "2022"]
[TimeControl "180+1"]
[EndTime "11:19:50 PST"]
[Termination "Game drawn by repetition"]

1. e4 e5 2. Nf3 Nf6 3. Nxe5 d6 4. Nxf7 Kxf7 5. Nc3 Be7 6. d4 Re8 7. Bc4+ Kf8 8. O-O c6 9. f4 d5 10. exd5 cxd5 11. Bd3 Kg8 12. f5 Nc6 13. Ne2 Bd6 14. c3 Qc7 15. Nf4 Qe7 16. Bd2 Qf7 17. Qb3 Rb8 18. Rae1 Bd7 19. Qd1 Na5 20. Qf3 Nc4 21.
Bc1 Bxf4 22. Bxf4 Rbc8 23. Be5 Nxb2 24. Bxf6 Nxd3 25. Rxe8+ Rxe8 26. Bg5 Nb2 27. f6 g6 28. Qg3 Nc4 29. Qc7 Bc6 30. Qg3 Nd2 31. Bxd2 Bb5 32.
Re1 Rxe1+ 33. Qxe1 Qxf6 34. Qf2 Qe7 35. h3 Bc4 36. Kh2 Qd6+ 37. Bf4 Qe7 38. Be5 b5 39.
Qg3 a5 40. Qg4 Qe8 41. Qg5 Qf8 42. Qg4 Bxa2 43. Qe6+ Qf7 44. Qc8+ Qf8 45. Qe6+ Qf7 46. Qc8+ Qf8 47. Qc6 Bc4 48. Qb6 a4 49. Qe6+ Qf7 50.
Qc8+ Qf8 51. Qe6+ Qf7 52. Qc8+ Qf8 53. Qe6+ 1/2-1/2

[Event "*** Titled Tuesday Blitz"]
[Site "Chess.com"]
[Date "2021.02.02"]
[Round "7"]
[White "Zhigalko_Sergei"]
[Black "sara_khm"]
[Result "0-1"]
[WhiteElo "2883"]
[BlackElo "2524"]
[TimeControl "180+1"]
[EndTime "11:19:51 PST"]
[Termination "sara_khm won by resignation"]

1. e4 e5 2. Nf3 Nc6 3. Bc4 Bc5 4. b4 Bxb4 5. c3 Ba5 6. d4 d6 7. Qb3 Qd7 8. O-O Bb6 9. Nbd2 Na5 10. Qc2 Nxc4 11.
Nxc4 exd4 12. cxd4 Ne7 13. a4 a6 14. Nxb6 cxb6 15.
d5 O-O 16. Qb2 Qg4 17. Qxb6 Qxe4 18. Re1 Nxd5 19. Qxd6 Qc4 20. Ne5 Qb4 21. Qxb4 Nxb4 22. Ba3 a5 23. Nc4 Rd8 24. Rac1 Be6 25. Nb6 Ra6 26.
Bxb4 axb4 27. Red1 Rxd1+ 28. Rxd1 h5 29. Nd7 Rxa4 30.
Nc5 Ra5 31. Nxb7 Rb5 32. Nd6 Rb8 33. Ne4 b3 34. Nc3 b2 35. h3 Bf5 36. Kh2 b1=Q 37. Nxb1 Bxb1 38. Rd5 Bg6 39. Rc5 Rd8 40. f3 Rd2 41. Kg3 h4+ 42. Kxh4 Rxg2 43. f4 f6 44. Rc8+ Kh7 45. f5 Bxf5 46. Rc5 g5+ 0-1

[Event "*** Titled Tuesday Blitz"]
[Site "Chess.com"]
[Date "2021.02.02"]
[Round "7"]
[White "andriipalchuk"]
[Black "utsavp"]
[Result "1-0"]
[WhiteElo "2583"]
[BlackElo "2295"]
[TimeControl "180+1"]
[EndTime "11:19:51 PST"]
[Termination "andriipalchuk won by resignation"]

1. e4 c5 2. Nf3 a6 3. c3 Nf6 4. e5 Nd5 5. d4 cxd4 6. cxd4 e6 7. Nc3 Nxc3 8. bxc3 d6 9. Bd3 Nc6 10. exd6 Bxd6 11. O-O O-O 12. h4 h6 13. Be3 Ne7 14. Qd2 Nf5 15. Bxf5 exf5 16. Rfe1 Be6 17. Bxh6 Bd5 18.
Bg5 f6 19. Bf4 Bxf3 20. gxf3 Rc8 21. Rac1 Ba3 22. Rb1 Qd5 23. Qd3 b5 24. c4 Rxc4 25. Qxa3 Rxd4 26. Be3 Rxh4 27. Qb3 Rc4 28. Kh2 Qxf3 29.
Rbc1 Rc8 30. Rxc4 bxc4 31. Qd1 Qe4 32. f3 Qh4+ 33. Kg2 c3 34. Rh1 Qc4 35. Qb3 c2 36.
Qxc4+ Rxc4 37. Rc1 f4 38. Bd2 Kf7 39. Kf2 Ke6 40. Ke2 Kd5 41. Kd3 Rd4+ 42. Kxc2 Ra4 43. Kb3 g5 44. Kxa4 Kd4 45. Bc3+ Kd3 46. Bxf6 Ke2 47.
Bxg5 Kxf3 48. Bxf4 Kg4 49. Ka5 Kf5 50. Kxa6 Ke4 51.
Rc8 Kxf4 52. a4 Ke5 53. a5 Kd6 54. Kb7 Kd7 55. a6 Kd6 56. a7 Kd5 1-0

[Event "*** Titled Tuesday Blitz"]
[Site "Chess.com"]
[Date "2021.02.02"]
[Round "7"]
[White "SaraciNderim"]
[Black "kikydu96"]
[Result "1-0"]
[WhiteElo "2825"]
[BlackElo "2581"]
[TimeControl "180+1"]
[EndTime "11:19:52 PST"]
[Termination "SaraciNderim won on time"]

1. d4 d5 2. Nf3 Nf6 3. Bf4 c5 4. e3 Nc6 5. Nbd2 Bf5 6. dxc5 Qa5 7.
Nd4 Bd7 8. Nb3 Qa4 9. Be2 e5 10. Bg3 h5 11. h3 h4 12. Bh2 O-O-O 13. c4 Be6 14. cxd5 Bxd5 15. O-O g5 16. Qc2 Be6 17. Bc4 Bxc4 18. Qxc4 Qxc4 19. Nxc4 Nd7 20. Rfd1 f6 21. Nd6+ Bxd6 22. Rxd6 Kc7 23. Rad1 Rhf8 24. f4 gxf4 25. exf4 e4 26. f5 Nde5 27. Rxd8 Rxd8 28. Rxd8 Kxd8 29. Kf2 Nd3+ 30. Ke3 Nxb2 31. Kxe4 Nb4 32. Nc1 Na4 33. Bg1 Kd7 34. Bd4 Kc6 35. Bxf6 Nxc5+ 36. Kf3 Ncd3 37. Nxd3 Nxd3 38. Bxh4 Nb4 39. a3 Nc2 40. Be7 Kd7 41. f6 b5 42. g4 a5 43. g5 b4 44. axb4 axb4 45. g6 b3 46. g7 b2 47. g8=Q b1=Q 48. Qd5+ Ke8 49. Qc6+ Kf7 50. Qc4+ Ke8 51. Bc5 Qd1+ 52.
Qe2+ Qxe2+ 53. Kxe2 Kf7 54. Kd2 Na1 55. Kc3 Kxf6 56.
Kb2 Kg5 57. Be7+ 1-0

[Event "*** Titled Tuesday Blitz"]
[Site "Chess.com"]
[Date "2021.02.02"]
[Round "7"]
[White "InitiatingASC"]
[Black "DFeco"]
[Result "1/2-1/2"]
[WhiteElo "2399"]
[BlackElo "2241"]
[TimeControl "180+1"]
[EndTime "11:19:53 PST"]
[Termination "Game drawn by agreement"]

1. d4 d5 2. c4 c6 3. Nc3 Nf6 4.
Nf3 a6 5. e3 Bf5 6. Be2 e6 7.
Nh4 Be4 8. f3 Bg6 9. Nxg6 hxg6 10.
O-O Nbd7 11. e4 dxe4 12. fxe4 e5 13. Be3 Be7 14. d5 cxd5 15. Nxd5 Nxd5 16. cxd5 Nf6 17. Rc1 O-O 18. Bd3 Qd7 19. h3 Rac8 20. Qb3 b5 21.
Kh2 Bd6 22. Bg5 Rxc1 23. Rxc1 Rc8 24. Rc3 Rxc3 25. Qxc3 Qc7 26. Qxc7 Bxc7 27. Bxf6 gxf6 28. a4 bxa4 29. Bxa6 Kf8 30. Bb5 Ke7 31. Bxa4 Ba5 32. Kg3 f5 33. Kf3 f4 34. Kg4 f6 35. g3 fxg3 36. Kxg3 Be1+ 37. Kg4 Bd2 38. h4 Bb4 39. Bc6 Be1 40. Bb7 Bd2 41. Bc8 Be1 42. Be6 Bd2 43.
Bg8 Bb4 44. Bh7 Kf7 45. h5 gxh5+ 46. Kxh5 Ke7 47. Kg4 Be1 48. Kf5 Bb4 49. Bg6 Bd2 50. d6+ Kxd6 51. Kxf6 Bf4 52. Bf7 Kc5 53. Ke7 Be3 54.
Kd7 Bd4 55. b3 Kb4 56. Kc6 Bc3 57. Kd5 Bd4 58. Kc6 Bc3 59. Bd5 1/2-1/2

[Event "*** Titled Tuesday Blitz"]
[Site "Chess.com"]
[Date "2021.02.02"]
[Round "7"]
[White "AlexTriapishko"]
[Black "vugarrasulov"]
[Result "0-1"]
[WhiteElo "2900"]
[BlackElo "2757"]
[TimeControl "180+1"]
[EndTime "11:19:54 PST"]
[Termination "vugarrasulov won on time"]

1. Nf3 g6 2. d4 Bg7 3. Nc3 d6 4. e4 a6 5. Be3 b5 6. a4 b4 7. Nd5 a5 8. c3 e6 9. Nf4 Bb7 10.
Bb5+ Nd7 11. Qb3 Nf6 12. cxb4 axb4 13. Qxb4 Bxe4 14. Ne5 O-O 15. Nc6 Bxc6 16. Bxc6 Rb8 17. Qc4 e5 18. Ne2 exd4 19. Bxd4 Nh5 20. Bxg7 Nxg7 21.
O-O Rxb2 22. Nd4 Ne5 23. Qc3 Qb8 24. Bb5 Rxb5 25. axb5 Qd8 26. Ra7 Nh5 27. g3 Nf6 28. Qxc7 Qe8 29. Qe7 Qb8 30. Nc6 Qxb5 31. Nxe5 Qxe5 32.
Qxe5 dxe5 33. Rd1 Kg7 34. Kg2 h5 35. Rc1 e4 36. Rcc7 e3 37. f3 Nd5 38. Rd7 Nb4 39.
Kf1 Nc6 40. Ra2 Ne5 41. Re7 Kf6 42. Rea7 Nxf3 43. Re2 Re8 44. Ra3 Nd2+ 45. Kg2 Nc4 46. Rc3 Re4 47. Kf3 Ke5 48. Rb3 Nd2+ 49. Rxd2 exd2 50. Rb5+ Kd6 51. Kxe4 d1=Q 0-1

[Event "*** Titled Tuesday Blitz"]
[Site "Chess.com"]
[Date "2021.02.02"]
[Round "7"]
[White "Eloist"]
[Black "szachuspl"]
[Result "1-0"]
[WhiteElo "2378"]
[BlackElo "2537"]
[TimeControl "180+1"]
[EndTime "11:19:55 PST"]
[Termination "Eloist won by checkmate"]

1. e4 c5 2. Nf3 e6 3. d4 cxd4 4. Nxd4 Nf6 5. Nc3 Nc6 6. Be3 Bb4 7. Nxc6 bxc6 8. Qd4 c5 9. Qd3 d5 10. exd5 exd5 11. O-O-O d4 12. Ne4 O-O 13. Bg5 Re8 14. Qf3 Bb7 15. Nxf6+ gxf6 16. Qxb7 fxg5 17. Bc4 Qf6 18.
Rd3 Rab8 19. Qxa7 Ra8 20. Qc7 Re7 21. Qg3 Qf4+ 22. Qxf4 gxf4 23. Rf3 Rae8 24. Rd1 Re1 25. c3 dxc3 26. bxc3 Ba3+ 27. Kc2 Rxd1 28. Kxd1 Rd8+ 29.
Kc2 Rb8 30. Rxf4 Rb7 31. Bb3 Kg7 32. Ra4 c4 33. Rxa3 cxb3+ 34. axb3 Re7 35. Kd3 Re1 36. b4 Rf1 37. Ke2 Rb1 38. Kd2 Rb2+ 39. Kd3 Rxf2 40. Rb3 Rxg2 41. b5 Rxh2 42. b6 Rh3+ 43. Kc4 Rh4+ 44. Kd5 Rh1 45. b7 Rd1+ 46. Kc6 Rd8 47. Kc7 Re8 48. c4 h5 49. c5 Re7+ 50. Kd6 Re8 51.
c6 h4 52. c7 h3 53. Rxh3 Re6+ 54. Kd7 Rb6 55. b8=Q Rg6 56. c8=Q Rd6+ 57. Qxd6 f5 58. Qcf8# 1-0